 Dungeon Crawl Stone Soup version 0.25-a0-443-gece2dee8bd (webtiles) character file.

Game seed: 4206043031965215356, levelgen mode: deterministic

67 Aggronaut the Sneak (level 3, 0/16 HPs)
             Began as a Spriggan Enchanter on Jan 30, 2020.
             Slain by a goblin (4 damage)
             ... led by Robin
             ... on level 2 of the Dungeon.
             The game lasted 00:07:26 (2043 turns).

Aggronaut the Sneak (Spriggan Enchanter)            Turns: 2043, Time: 00:07:27

Health: 0/16       AC:  3    Str:  5    XL:     3   Next: 98%
Magic:  8/8        EV: 18    Int: 16    God:
Gold:   68         SH:  0    Dex: 18    Spells: 6/7 levels left

rFire    . . .     SeeInvis +   a - +2 dagger
rCold    . . .     Gourm    .   (shield restricted)
rNeg     . . .     Faith    .   b - +0 robe
rPois    .         Spirit   .   (helmet restricted)
rElec    .         Reflect  .   c - +0 cloak
rCorr    .         Harm     .   (gloves unavailable)
MR       .....     Rnd*Tele +   (boots unavailable)
Stlth    +++.......             (no amulet)
HPRegen  0.05/turn              g - +2 ring of dexterity
MPRegen  0.11/turn              h - ring of teleportation (curse)

@: very quick
A: very small, unfitting armour, see invisible, herbivore, speed 3, slow
metabolism 2
a: no special abilities


You were on level 2 of the Dungeon.
You were not hungry.

You visited 1 branch of the dungeon, and saw 2 of its levels.

You collected 68 gold pieces.

Inventory:

Hand Weapons
 a - a +2 dagger (weapon)
Armour
 b - a +0 robe (worn)
 c - a +0 cloak (worn)
Jewellery
 g - a +2 ring of dexterity (left hand)
 h - a cursed ring of teleportation (right hand)
Scrolls
 i - 3 scrolls of teleportation
Potions
 e - 2 potions of curing
 j - a potion of flight {unknown}
Comestibles
 d - 4 rations


   Skills:
 - Level 1.1 Short Blades
 - Level 3.0 Dodging
 + Level 5.5 Stealth
 - Level 2.6 Spellcasting
 * Level 5.3 Hexes


You had 6 spell levels left.
You knew the following spells:

 Your Spells              Type           Power        Failure   Level  Hunger
a - Corona                Hex            ###....      2%          1    #......

Your spell library contained the following spells:

 Spells                   Type           Power        Failure   Level  Hunger
 Confusing Touch          Hex            ###.....     6%          3    ###....
 Tukima's Dance           Hex            ###.....     6%          3    ###....
 Ensorcelled Hibernation  Hex/Ice        ##....       10%         2    ##.....
 Dazzling Flash           Conj/Hex       ##....       19%         3    ###....


Dungeon Overview and Level Annotations

Branches:
Dungeon (2/15)

Altars:

Annotations:
D:2 Robin


Innate Abilities, Weirdness & Mutations

You are very small and have problems with some larger weapons.
You are too small for most types of armour.
You have supernaturally acute eyesight. (SInv)
You are a herbivore.
You cover ground extremely quickly.
You need to consume almost no food.


Message History

The goblin closely misses you.
You hit the goblin.
You kill the goblin!
You closely miss the goblin. The goblin completely misses you.
You barely miss the goblin. The goblin barely misses you.
You hit the goblin.
The goblin is almost dead.
Robin throws the goblin at you! The goblin hits you.
The goblin closely misses you.
You closely miss the goblin.
The goblin is almost dead.
The goblin closely misses you.
You closely miss the goblin.
The goblin is almost dead.
The goblin hits you.
* * * LOW HITPOINT WARNING * * *
The goblin closely misses you.
Unknown command.
The goblin hits you.
You die...

.##.##.####.#.##......'......[###
.......# #.#.#########..........
####.#.# #.#.# #[.....####
......(# #.#.# #......#
###.#.#####.#.###########.#######
.............†#..................
###.##.####.###.....####....#...#
#.##..# #.# #...### #....# .#
#...#.###.###.@## #....#
###.#.......#g.# ......##
#.#.###.#.#g## ....#...# ###.#.#
#.#.#g# ....#...# #...#.# #.#.#g#
... #..##
#.###.###.#.#.###.####.g#
#...[.....#.#gg.g...gg.
#.........#.#.g...g.g.#
#...†.......#....gg.#


You could see a hobgoblin and 4 goblins.

Vanquished Creatures
  2 oozes
  A worm (D:2)
  A dart slug (D:1)
  2 leopard geckos
  10 goblins
  7 hobgoblins
  A jackal (D:2)
  2 quokkas (D:2)
  5 bats
  7 frilled lizards
  7 kobolds
  3 rats
48 creatures vanquished.

Notes
Turn   | Place    | Note
-------+----------+-------------------------------------------
     0 | D:1      | Aggronaut the Spriggan Enchanter began the quest for the
                  | Orb.
     0 | D:1      | Reached XP level 1. HP: 9/9 MP: 5/5
   197 | D:1      | Reached XP level 2. HP: 11/13 MP: 6/6
   434 | D:1      | Reached skill level 5 in Stealth
  1034 | D:1      | Reached XP level 3. HP: 6/16 MP: 8/8
  1882 | D:2      | Noticed Robin
  1919 | D:2      | Reached skill level 5 in Hexes
  2043 | D:2      | Slain by a goblin

Levels and vault maps discovered:
D:1:      saegor_arrival_simple_c, layout_basic
D:2:      minmay_recursive_quarters, layout_basic, uniq_robin

Skill      XL: |  1  2  3 |
---------------+----------+-----
Hexes          | 4 5 |  5.3
Stealth        | 5 |  5.5
Short Blades   | |  1.1
Dodging        | |  3.0
Spellcasting   | |  2.6

Action                   || total
-------------------------++-------
Melee: Dagger            ||   193
  Use: Scroll            ||     8
       Potion            ||     2
 Stab: Sleeping          ||    14
Armor: Robe              ||    22
Dodge: Dodged            ||   185

Table legend:
 A = Non-vault XP
 B = Vault XP
 C = Vault XP percentage of total XP
 D = Non-vault monster count
 E = Vault monster count
 F = Vault count percentage of total count
                 A         B        C        D         E       F
            +---------+---------+-------+---------+---------+-------
      Total |      67 |      29 |  30.2 |      34 |      14 |  29.2
            +---------+---------+-------+---------+---------+-------
        D:1 |      45 |       0 |   0.0 |      22 |       0 |   0.0
        D:2 |      22 |      29 |  56.9 |      12 |      14 |  53.8
            +---------+---------+-------+---------+---------+-------
